[ PARTIDA AOE2 · #484158503 ]
Team RMBritanos vs Franks
[ ANÁLISIS DE REPETICIÓN · EXTRAÍDO DE LA PARTIDA GRABADA ]
Feudal
12:37
Castillos
17:28
Imperial
42:26
| APM promedio | 41.2 |
| APM pico | 86 |
| eAPM promedio | 17.2 |
| Aldeanos / militares | 117 / 343 |
Foco
⚔️ 36.1% · 🌾 63.9%
Spearman ×215 · Archer ×118 · Trade Cart ×19 · Trebuchet (Packed) ×8 · Militia ×1 · Monk ×1
Feudal
11:20
Castillos
18:41
Imperial
43:00
| APM promedio | 33.1 |
| APM pico | 92 |
| eAPM promedio | 18.9 |
| Aldeanos / militares | 97 / 135 |
Foco
⚔️ 23.4% · 🌾 76.6%
Knight ×132 · Trebuchet (Packed) ×2 · Throwing Axeman ×1
Feudal
12:11
Castillos
18:00
Imperial
39:58
| APM promedio | 16.0 |
| APM pico | 36 |
| eAPM promedio | 11.1 |
| Aldeanos / militares | 117 / 239 |
Foco
⚔️ 31.4% · 🌾 68.6%
Spearman ×148 · Konnik ×83 · Trade Cart ×5 · Trebuchet (Packed) ×4 · Militia ×3 · Monk ×1
Feudal
8:30
Castillos
22:50
Imperial
33:40
| APM promedio | 25.6 |
| APM pico | 91 |
| eAPM promedio | 9.3 |
| Aldeanos / militares | 82 / 61 |
Foco
⚔️ 30.4% · 🌾 69.6%
Hand Cannoneer ×46 · Archer ×6 · Janissary ×5 · Bombard Cannon ×4
Mapa de la partida
Recursos al inicio + cada clic de construcción. Línea gruesa = muro · recuadro discontinuo = muro de casas detectado. 🟡 oro · ⚪ piedra · 🟢 bayas · 🔶 jabalí · ⭕ reliquia
Inputs por minuto
— osmevoll - - astra
Build order — osmevoll
Primeras 150 de 418 acciones detectadas
| 0:00 | Crear | Villager (Male) |
| 0:01 | Crear | Villager (Male) |
| 0:02 | Construir | House |
| 0:03 | Construir | House |
| 0:48 | Crear | Villager (Male) |
| 0:49 | Crear | Villager (Male) |
| 1:18 | Crear | Villager (Male) |
| 1:43 | Construir | Lumber Camp |
| 2:32 | Crear | Villager (Male) |
| 2:32 | Crear | Villager (Male) |
| 2:32 | Crear | Villager (Male) |
| 2:54 | Crear | Villager (Male) |
| 3:02 | Crear | Villager (Male) |
| 3:51 | Construir | House |
| 3:55 | Crear | Villager (Male) |
| 4:34 | Construir | House |
| 4:36 | Crear | Villager (Male) |
| 4:46 | Construir | Mill |
| 4:52 | Crear | Villager (Male) |
| 5:05 | Crear | Villager (Male) |
| 5:32 | Crear | Villager (Male) |
| 6:18 | Construir | Farm |
| 6:25 | Crear | Villager (Male) |
| 6:41 | Crear | Villager (Male) |
| 6:44 | Construir | Farm |
| 6:49 | Crear | Villager (Male) |
| 6:58 | Crear | Villager (Male) |
| 7:20 | Construir | Lumber Camp |
| 7:21 | Crear | Villager (Male) |
| 7:45 | Construir | House |
| 8:01 | Construir | Palisade Wall |
| 8:09 | Crear | Villager (Male) |
| 9:03 | Construir | Farm |
| 9:06 | Construir | Farm |
| 9:09 | Crear | Villager (Male) |
| 9:18 | Construir | Mining Camp |
| 9:22 | Crear | Villager (Male) |
| 9:41 | Construir | Palisade Wall |
| 9:50 | Investigar | Loom |
| 9:51 | Investigar | Feudal Age |
| 10:01 | Construir | Barracks |
| 10:14 | Construir | Farm |
| 10:47 | Construir | House |
| 11:00 | Construir | House |
| 11:05 | Construir | Palisade Wall |
| 11:06 | Crear | Villager (Male) |
| 11:11 | Construir | Palisade Wall |
| 11:14 | Construir | Building 804 |
| 12:03 | Construir | Palisade Wall |
| 12:12 | Construir | Palisade Wall |
| 12:25 | Construir | Farm |
| 12:37 | Edad | Edad Feudal |
| 12:42 | Investigar | Double-Bit Axe |
| 13:03 | Construir | House |
| 13:08 | Crear | Villager (Male) |
| 13:10 | Crear | Villager (Male) |
| 13:34 | Crear | Villager (Male) |
| 13:42 | Construir | Archery Range |
| 13:44 | Construir | Palisade Wall |
| 13:57 | Construir | Blacksmith |
| 14:10 | Crear | Villager (Male) |
| 14:40 | Construir | Palisade Wall |
| 14:48 | Investigar | Castle Age |
| 14:58 | Construir | Farm |
| 15:00 | Crear | Archer |
| 15:05 | Construir | Farm |
| 15:06 | Construir | Farm |
| 15:07 | Construir | Farm |
| 15:10 | Construir | Farm |
| 15:11 | Construir | Farm |
| 15:17 | Crear | Villager (Male) |
| 15:28 | Crear | Archer |
| 15:47 | Investigar | Fletching |
| 16:03 | Crear | Archer |
| 16:05 | Crear | Spearman |
| 16:14 | Construir | House |
| 16:16 | Construir | House |
| 16:17 | Construir | House |
| 16:19 | Crear | Villager (Male) |
| 16:26 | Crear | Archer |
| 16:34 | Construir | Farm |
| 16:47 | Construir | Farm |
| 16:49 | Crear | Villager (Male) |
| 17:05 | Construir | Farm |
| 17:07 | Crear | Villager (Male) |
| 17:08 | Crear | Archer |
| 17:21 | Construir | Archery Range |
| 17:28 | Edad | Edad de los Castillos |
| 17:46 | Investigar | Crossbowman (upgrade) |
| 17:55 | Construir | House |
| 17:56 | Construir | House |
| 17:57 | Crear | Villager (Male) |
| 18:03 | Construir | Mining Camp |
| 18:07 | Crear | Spearman |
| 18:09 | Crear | Archer |
| 18:10 | Crear | Archer |
| 18:44 | Crear | Villager (Male) |
| 18:45 | Crear | Villager (Male) |
| 19:11 | Construir | House |
| 19:11 | Construir | House |
| 19:14 | Construir | Palisade Wall |
| 19:17 | Crear | Villager (Male) |
| 19:18 | Crear | Archer |
| 19:18 | Crear | Archer |
| 19:18 | Crear | Archer |
| 19:22 | Construir | Farm |
| 19:25 | Crear | Archer |
| 19:26 | Crear | Archer |
| 19:42 | Crear | Spearman |
| 19:51 | Construir | Farm |
| 19:58 | Crear | Archer |
| 19:58 | Crear | Archer |
| 20:00 | Crear | Spearman |
| 20:50 | Crear | Villager (Male) |
| 20:51 | Crear | Villager (Male) |
| 20:52 | Crear | Archer |
| 20:52 | Crear | Archer |
| 21:07 | Investigar | Bow Saw |
| 21:42 | Crear | Villager (Male) |
| 21:42 | Crear | Villager (Male) |
| 21:44 | Crear | Archer |
| 21:45 | Crear | Archer |
| 22:09 | Crear | Villager (Male) |
| 22:10 | Crear | Villager (Male) |
| 22:10 | Crear | Archer |
| 22:11 | Crear | Archer |
| 22:37 | Crear | Villager (Male) |
| 22:39 | Crear | Archer |
| 23:03 | Crear | Archer |
| 23:22 | Construir | Town Center |
| 23:26 | Crear | Villager (Male) |
| 23:27 | Crear | Archer |
| 23:27 | Crear | Archer |
| 24:15 | Construir | University |
| 24:20 | Crear | Villager (Male) ×5 |
| 24:20 | Crear | Villager (Male) ×5 |
| 24:21 | Crear | Villager (Male) ×5 |
| 24:23 | Crear | Archer |
| 24:24 | Crear | Archer |
| 24:24 | Crear | Archer |
| 24:58 | Construir | Farm |
| 25:00 | Construir | Lumber Camp |
| 25:09 | Crear | Archer |
| 25:09 | Crear | Archer |
| 25:21 | Construir | Monastery |
| 25:27 | Crear | Villager (Male) |
| 25:30 | Crear | Villager (Male) |
| 25:30 | Crear | Villager (Male) |
| 25:37 | Crear | Archer |
| 25:37 | Crear | Archer |
Build order — astra
Primeras 150 de 405 acciones detectadas
| 0:02 | Crear | Villager (Male) |
| 0:02 | Crear | Villager (Male) |
| 0:02 | Crear | Villager (Male) |
| 0:04 | Construir | House |
| 0:05 | Construir | House |
| 0:29 | Crear | Villager (Male) |
| 0:29 | Crear | Villager (Male) |
| 1:28 | Crear | Villager (Male) |
| 1:52 | Construir | Lumber Camp |
| 1:57 | Crear | Villager (Male) |
| 2:17 | Crear | Villager (Male) |
| 3:03 | Crear | Villager (Male) |
| 3:59 | Crear | Villager (Male) |
| 3:59 | Crear | Villager (Male) |
| 4:00 | Crear | Villager (Male) |
| 4:29 | Construir | House |
| 4:30 | Construir | House |
| 4:58 | Construir | Mill |
| 5:14 | Crear | Villager (Male) |
| 5:14 | Crear | Villager (Male) |
| 5:14 | Crear | Villager (Male) |
| 5:37 | Crear | Villager (Male) |
| 5:37 | Crear | Villager (Male) |
| 6:01 | Crear | Villager (Male) |
| 6:35 | Crear | Villager (Male) |
| 6:44 | Crear | Villager (Male) |
| 7:23 | Crear | Villager (Male) |
| 7:49 | Construir | Lumber Camp |
| 9:06 | Construir | Mining Camp |
| 9:10 | Investigar | Feudal Age |
| 9:14 | Crear | Villager (Male) |
| 9:37 | Construir | Farm |
| 9:37 | Construir | Farm |
| 9:37 | Construir | Farm |
| 9:37 | Construir | Farm |
| 9:37 | Construir | Farm |
| 9:38 | Construir | Farm |
| 9:38 | Construir | Farm |
| 10:47 | Construir | Barracks |
| 11:14 | Construir | Farm |
| 11:15 | Construir | Farm |
| 11:16 | Construir | Farm |
| 11:20 | Edad | Edad Feudal |
| 11:20 | Crear | Villager (Male) |
| 11:21 | Crear | Villager (Male) |
| 11:21 | Crear | Villager (Male) |
| 11:54 | Crear | Villager (Male) |
| 11:54 | Crear | Villager (Male) |
| 12:02 | Construir | Blacksmith |
| 12:58 | Construir | Farm |
| 12:58 | Construir | Farm |
| 12:58 | Construir | Farm |
| 12:59 | Construir | Farm |
| 13:22 | Construir | House |
| 13:58 | Construir | Farm |
| 15:05 | Construir | Stable |
| 15:11 | Crear | Villager (Male) |
| 15:16 | Crear | Villager (Male) |
| 15:57 | Construir | House |
| 15:59 | Investigar | Castle Age |
| 16:03 | Investigar | Double-Bit Axe |
| 16:09 | Investigar | Gold Mining |
| 16:20 | Construir | Mining Camp |
| 16:34 | Construir | Farm |
| 16:34 | Construir | Farm |
| 16:35 | Construir | Farm |
| 16:35 | Construir | Farm |
| 16:54 | Construir | Farm |
| 16:54 | Construir | Farm |
| 16:55 | Construir | Farm |
| 17:06 | Construir | Farm |
| 17:26 | Investigar | Scale Barding Armor |
| 17:27 | Investigar | Forging |
| 18:04 | Construir | Stable |
| 18:35 | Construir | Lumber Camp |
| 18:41 | Edad | Edad de los Castillos |
| 18:50 | Crear | Knight |
| 18:50 | Crear | Knight |
| 18:50 | Crear | Knight |
| 18:51 | Crear | Knight |
| 18:51 | Crear | Knight |
| 18:51 | Crear | Knight |
| 19:13 | Crear | Villager (Male) |
| 19:13 | Crear | Villager (Male) |
| 19:20 | Crear | Villager (Male) |
| 19:32 | Crear | Knight |
| 19:32 | Crear | Knight |
| 19:54 | Construir | House |
| 20:10 | Crear | Knight |
| 20:10 | Crear | Knight |
| 20:15 | Construir | House |
| 20:27 | Crear | Knight |
| 20:48 | Construir | Farm |
| 20:48 | Construir | Farm |
| 20:48 | Construir | Farm |
| 20:48 | Construir | Farm |
| 20:49 | Construir | Farm |
| 21:19 | Crear | Knight |
| 21:56 | Crear | Knight |
| 22:33 | Crear | Knight |
| 22:45 | Investigar | Bow Saw |
| 22:59 | Investigar | Gold Shaft Mining |
| 23:02 | Investigar | Iron Casting |
| 23:11 | Investigar | Chain Barding Armor |
| 23:24 | Crear | Villager (Male) |
| 23:24 | Crear | Villager (Male) |
| 23:31 | Construir | House |
| 23:32 | Construir | House |
| 23:59 | Crear | Knight |
| 23:59 | Crear | Knight |
| 24:32 | Investigar | Iron Casting |
| 24:42 | Crear | Villager (Male) |
| 24:42 | Crear | Villager (Male) |
| 24:48 | Construir | Mining Camp |
| 25:01 | Crear | Villager (Male) |
| 25:21 | Investigar | Stone Mining |
| 25:30 | Crear | Knight |
| 25:30 | Crear | Knight |
| 25:50 | Crear | Villager (Male) |
| 25:51 | Crear | Villager (Male) |
| 26:18 | Construir | Town Center |
| 26:33 | Crear | Villager (Male) |
| 26:40 | Crear | Knight |
| 26:41 | Investigar | Husbandry |
| 27:47 | Crear | Knight |
| 27:47 | Crear | Knight |
| 27:47 | Crear | Knight |
| 27:48 | Crear | Knight |
| 27:48 | Crear | Knight |
| 27:48 | Crear | Knight |
| 28:12 | Crear | Knight |
| 28:12 | Crear | Knight |
| 28:23 | Crear | Knight |
| 28:23 | Crear | Knight |
| 28:42 | Crear | Knight |
| 28:42 | Crear | Knight |
| 29:01 | Crear | Villager (Male) |
| 29:03 | Crear | Villager (Male) |
| 29:21 | Crear | Knight |
| 29:40 | Construir | Castle |
| 29:50 | Crear | Villager (Male) |
| 29:50 | Crear | Villager (Male) |
| 29:51 | Crear | Villager (Male) |
| 29:56 | Construir | House |
| 29:57 | Construir | House |
| 30:26 | Investigar | Wheelbarrow |
| 30:41 | Crear | Villager (Male) |
| 30:41 | Crear | Villager (Male) |
| 31:02 | Construir | Town Center |
| 31:26 | Crear | Knight |
Build order — Johsebass
Primeras 150 de 329 acciones detectadas
| 0:01 | Crear | Villager (Male) ×4 |
| 0:02 | Construir | House |
| 0:03 | Construir | House |
| 1:29 | Crear | Villager (Male) |
| 1:48 | Construir | Lumber Camp |
| 1:59 | Crear | Villager (Male) |
| 2:15 | Crear | Villager (Male) |
| 2:49 | Crear | Villager (Male) |
| 3:03 | Crear | Villager (Male) |
| 3:27 | Construir | House |
| 3:28 | Construir | House |
| 3:41 | Crear | Villager (Male) |
| 4:01 | Crear | Villager (Male) |
| 4:21 | Construir | Mill |
| 4:28 | Crear | Villager (Male) |
| 4:54 | Crear | Villager (Male) |
| 5:22 | Crear | Villager (Male) |
| 5:23 | Crear | Villager (Male) |
| 6:04 | Crear | Villager (Male) |
| 6:11 | Crear | Villager (Male) |
| 6:18 | Construir | Farm |
| 6:20 | Construir | Farm |
| 6:43 | Crear | Villager (Male) |
| 7:16 | Construir | House |
| 7:19 | Crear | Villager (Male) |
| 7:20 | Crear | Villager (Male) |
| 7:21 | Crear | Villager (Male) |
| 7:31 | Crear | Villager (Male) |
| 8:10 | Crear | Villager (Male) |
| 8:10 | Crear | Villager (Male) |
| 9:17 | Construir | Mining Camp |
| 9:23 | Investigar | Feudal Age |
| 10:22 | Construir | Barracks |
| 10:29 | Construir | House |
| 10:39 | Construir | Farm |
| 10:40 | Construir | Farm |
| 10:42 | Construir | Farm |
| 10:44 | Construir | Farm |
| 10:46 | Construir | Farm |
| 10:48 | Construir | Farm |
| 10:49 | Construir | Farm |
| 11:01 | Crear | Villager (Male) |
| 11:01 | Crear | Villager (Male) |
| 11:29 | Crear | Militia |
| 11:30 | Crear | Militia |
| 11:30 | Crear | Militia |
| 11:51 | Crear | Villager (Male) |
| 12:11 | Edad | Edad Feudal |
| 12:48 | Construir | House |
| 12:52 | Construir | House |
| 13:02 | Construir | Lumber Camp |
| 13:10 | Crear | Villager (Male) |
| 13:19 | Construir | Market |
| 13:25 | Construir | Blacksmith |
| 13:29 | Crear | Villager (Male) |
| 14:10 | Crear | Villager (Male) |
| 14:26 | Construir | House |
| 14:27 | Construir | House |
| 14:33 | Construir | Palisade Wall |
| 14:39 | Construir | Farm |
| 14:40 | Construir | Farm |
| 14:48 | Construir | Farm |
| 14:55 | Crear | Villager (Male) |
| 15:04 | Construir | Farm |
| 15:18 | Investigar | Castle Age |
| 15:24 | Construir | Farm |
| 16:03 | Construir | Farm |
| 16:26 | Crear | Villager (Male) |
| 16:27 | Crear | Villager (Male) |
| 16:52 | Investigar | Double-Bit Axe |
| 16:53 | Investigar | Horse Collar |
| 16:58 | Investigar | Gold Mining |
| 17:04 | Investigar | Stone Mining |
| 17:12 | Construir | Mining Camp |
| 17:18 | Investigar | Scale Mail Armor |
| 17:24 | Crear | Villager (Male) |
| 17:46 | Investigar | Arson |
| 18:00 | Edad | Edad de los Castillos |
| 18:01 | Investigar | Forging |
| 18:12 | Investigar | Gambesons |
| 18:26 | Crear | Villager (Male) |
| 18:49 | Investigar | Squires |
| 18:50 | Crear | Spearman |
| 19:03 | Construir | Farm |
| 19:03 | Construir | Farm |
| 19:04 | Construir | Farm |
| 19:05 | Construir | Farm |
| 19:16 | Crear | Villager (Male) |
| 19:17 | Crear | Villager (Male) |
| 19:36 | Investigar | Loom |
| 20:57 | Crear | Villager (Male) |
| 20:57 | Crear | Villager (Male) |
| 20:59 | Investigar | Wheelbarrow |
| 21:02 | Investigar | Bow Saw |
| 21:38 | Investigar | Pikeman (upgrade) |
| 21:39 | Crear | Spearman |
| 21:39 | Crear | Spearman |
| 21:39 | Crear | Spearman |
| 21:40 | Crear | Spearman |
| 21:49 | Crear | Villager (Male) |
| 22:03 | Construir | Town Center |
| 22:14 | Crear | Spearman |
| 22:14 | Crear | Spearman |
| 22:14 | Crear | Spearman |
| 22:30 | Crear | Villager (Male) |
| 22:30 | Crear | Villager (Male) |
| 22:49 | Construir | Stone Wall |
| 22:55 | Construir | House |
| 22:56 | Construir | House |
| 22:57 | Construir | House |
| 23:04 | Construir | Stone Wall |
| 23:07 | Construir | Building 487 |
| 23:29 | Construir | Stone Wall |
| 23:31 | Construir | Stone Wall |
| 23:37 | Crear | Villager (Male) |
| 23:37 | Crear | Villager (Male) |
| 23:39 | Investigar | Hand Cart |
| 23:59 | Crear | Villager (Male) |
| 24:00 | Crear | Villager (Male) |
| 24:13 | Construir | Farm |
| 24:14 | Construir | Farm |
| 24:15 | Construir | Farm |
| 24:15 | Construir | Farm |
| 24:26 | Construir | University |
| 24:28 | Construir | Monastery |
| 24:34 | Investigar | Heavy Plow |
| 24:50 | Construir | Stone Wall |
| 24:58 | Crear | Villager (Male) |
| 24:59 | Crear | Villager (Male) |
| 25:00 | Crear | Villager (Male) |
| 25:00 | Crear | Villager (Male) |
| 25:01 | Crear | Villager (Male) |
| 25:04 | Crear | Villager (Male) |
| 25:04 | Crear | Villager (Male) |
| 25:05 | Investigar | Town Watch |
| 25:24 | Construir | Town Center |
| 25:57 | Crear | Villager (Male) ×5 |
| 26:12 | Construir | House |
| 26:13 | Construir | House |
| 26:14 | Construir | House |
| 26:15 | Construir | House |
| 26:17 | Construir | Mining Camp |
| 26:24 | Construir | Mining Camp |
| 26:27 | Construir | House |
| 26:29 | Construir | House |
| 26:30 | Construir | House |
| 26:31 | Construir | House |
| 26:39 | Crear | Villager (Male) ×5 |
| 26:40 | Crear | Villager (Male) |
| 26:41 | Crear | Villager (Male) |
Build order — Gariban Bilo
Primeras 150 de 190 acciones detectadas
| 0:04 | Construir | House |
| 0:05 | Construir | House |
| 0:10 | Construir | House |
| 0:23 | Crear | Villager (Male) |
| 0:23 | Crear | Villager (Male) |
| 0:23 | Crear | Villager (Male) |
| 0:24 | Crear | Villager (Male) |
| 0:24 | Crear | Villager (Male) |
| 1:31 | Crear | Villager (Male) |
| 2:49 | Crear | Villager (Male) |
| 2:50 | Crear | Villager (Male) |
| 2:50 | Crear | Villager (Male) |
| 3:45 | Crear | Villager (Male) |
| 5:21 | Construir | Lumber Camp |
| 5:54 | Construir | Mill |
| 6:20 | Investigar | Feudal Age |
| 7:23 | Construir | Farm |
| 8:30 | Edad | Edad Feudal |
| 8:36 | Crear | Villager (Male) |
| 8:37 | Crear | Villager (Male) |
| 8:37 | Crear | Villager (Male) |
| 8:39 | Crear | Villager (Male) |
| 9:06 | Construir | Farm |
| 9:48 | Crear | Villager (Male) |
| 9:48 | Crear | Villager (Male) |
| 9:48 | Crear | Villager (Male) |
| 9:56 | Construir | Mining Camp |
| 9:59 | Crear | Villager (Male) |
| 10:00 | Crear | Villager (Male) |
| 10:20 | Construir | Farm |
| 10:47 | Construir | House |
| 10:49 | Construir | House |
| 12:02 | Construir | Farm |
| 12:26 | Construir | Farm |
| 12:48 | Investigar | Horse Collar |
| 13:26 | Crear | Villager (Male) |
| 13:48 | Construir | Farm |
| 13:58 | Crear | Villager (Male) |
| 13:58 | Crear | Villager (Male) |
| 13:58 | Crear | Villager (Male) |
| 13:58 | Crear | Villager (Male) |
| 13:59 | Crear | Villager (Male) |
| 13:59 | Crear | Villager (Male) |
| 13:59 | Crear | Villager (Male) |
| 14:00 | Crear | Villager (Male) |
| 14:00 | Crear | Villager (Male) |
| 14:00 | Crear | Villager (Male) |
| 14:00 | Crear | Villager (Male) |
| 14:31 | Construir | Lumber Camp |
| 14:49 | Construir | House |
| 14:50 | Construir | House |
| 15:33 | Crear | Villager (Male) |
| 15:33 | Crear | Villager (Male) |
| 15:47 | Construir | Farm |
| 15:48 | Construir | Farm |
| 15:48 | Construir | Farm |
| 15:48 | Construir | Farm |
| 17:00 | Construir | Barracks |
| 17:15 | Construir | Farm |
| 18:10 | Construir | Archery Range |
| 19:06 | Construir | Blacksmith |
| 19:30 | Crear | Villager (Male) |
| 19:30 | Crear | Villager (Male) |
| 19:31 | Crear | Villager (Male) |
| 19:48 | Investigar | Castle Age |
| 20:02 | Crear | Archer |
| 20:02 | Crear | Archer |
| 20:02 | Crear | Archer |
| 20:02 | Crear | Archer |
| 20:03 | Crear | Archer |
| 20:03 | Crear | Archer |
| 22:36 | Crear | Villager (Male) |
| 22:37 | Crear | Villager (Male) |
| 22:37 | Crear | Villager (Male) |
| 22:37 | Crear | Villager (Male) |
| 22:37 | Crear | Villager (Male) |
| 22:38 | Crear | Villager (Male) |
| 22:38 | Crear | Villager (Male) |
| 22:38 | Crear | Villager (Male) |
| 22:39 | Crear | Villager (Male) |
| 22:39 | Crear | Villager (Male) |
| 22:39 | Crear | Villager (Male) |
| 22:40 | Crear | Villager (Male) |
| 22:50 | Edad | Edad de los Castillos |
| 22:52 | Crear | Villager (Male) |
| 22:52 | Crear | Villager (Male) |
| 23:22 | Construir | Mining Camp |
| 27:00 | Crear | Villager (Male) |
| 27:00 | Crear | Villager (Male) |
| 29:24 | Construir | Castle |
| 30:02 | Crear | Villager (Male) |
| 30:03 | Crear | Villager (Male) |
| 30:03 | Crear | Villager (Male) |
| 30:03 | Crear | Villager (Male) |
| 30:30 | Investigar | Imperial Age |
| 30:31 | Investigar | Imperial Age |
| 31:24 | Crear | Janissary |
| 31:24 | Crear | Janissary |
| 31:24 | Crear | Janissary |
| 31:53 | Investigar | Heavy Plow |
| 33:21 | Construir | Stable |
| 33:40 | Edad | Edad Imperial |
| 33:41 | Crear | Hand Cannoneer |
| 33:42 | Crear | Hand Cannoneer |
| 33:42 | Crear | Hand Cannoneer |
| 33:42 | Crear | Hand Cannoneer |
| 33:42 | Crear | Hand Cannoneer |
| 33:43 | Crear | Hand Cannoneer |
| 33:43 | Crear | Hand Cannoneer |
| 34:53 | Crear | Hand Cannoneer |
| 35:03 | Crear | Villager (Male) |
| 35:03 | Crear | Villager (Male) |
| 35:04 | Crear | Villager (Male) |
| 35:04 | Crear | Villager (Male) |
| 35:04 | Crear | Villager (Male) |
| 35:05 | Crear | Villager (Male) |
| 35:05 | Crear | Villager (Male) |
| 35:05 | Crear | Villager (Male) |
| 35:06 | Crear | Villager (Male) |
| 35:06 | Crear | Villager (Male) |
| 35:06 | Crear | Villager (Male) |
| 35:06 | Crear | Villager (Male) |
| 35:07 | Crear | Villager (Male) |
| 35:07 | Crear | Villager (Male) |
| 35:07 | Crear | Villager (Male) |
| 35:08 | Crear | Villager (Male) |
| 35:37 | Crear | Hand Cannoneer |
| 35:38 | Crear | Hand Cannoneer |
| 36:02 | Crear | Hand Cannoneer |
| 36:37 | Construir | Farm |
| 36:37 | Construir | Farm |
| 36:43 | Crear | Hand Cannoneer |
| 36:43 | Crear | Hand Cannoneer |
| 37:45 | Crear | Villager (Male) |
| 37:45 | Crear | Villager (Male) |
| 37:46 | Crear | Villager (Male) |
| 37:46 | Crear | Villager (Male) |
| 37:48 | Crear | Villager (Male) |
| 37:49 | Crear | Villager (Male) |
| 37:49 | Crear | Villager (Male) |
| 37:59 | Crear | Hand Cannoneer |
| 37:59 | Crear | Hand Cannoneer |
| 37:59 | Crear | Hand Cannoneer |
| 38:07 | Construir | Mining Camp |
| 38:52 | Crear | Hand Cannoneer |
| 38:52 | Crear | Hand Cannoneer |
| 38:52 | Crear | Hand Cannoneer |
| 39:13 | Crear | Hand Cannoneer |
| 39:35 | Crear | Villager (Male) |
| 39:36 | Crear | Villager (Male) |
Cronología de la partida
| 8:01 | osmevoll · wall_segment Palisade Wall x3 |
| 8:30 | Gariban Bilo · age_up feudal |
| 9:41 | osmevoll · wall_segment Palisade Wall x12 |
| 10:01 | osmevoll · first_building Barracks |
| 10:22 | Johsebass · first_building Barracks |
| 10:47 | astra · first_building Barracks |
| 11:05 | osmevoll · wall_segment Palisade Wall x4 |
| 11:11 | osmevoll · wall_segment Palisade Wall x4 |
| 11:20 | astra · age_up feudal |
| 12:03 | osmevoll · wall_segment Palisade Wall x3 |
| 12:11 | Johsebass · age_up feudal |
| 12:12 | osmevoll · wall_segment Palisade Wall x11 |
| 12:37 | osmevoll · age_up feudal |
| 13:42 | osmevoll · first_building Archery Range |
| 13:44 | osmevoll · wall_segment Palisade Wall x1 |
| 14:33 | Johsebass · wall_segment Palisade Wall x4 |
| 14:40 | osmevoll · wall_segment Palisade Wall x1 |
| 15:05 | astra · first_building Stable |
| 17:00 | Gariban Bilo · first_building Barracks |
| 17:28 | osmevoll · age_up castle |
| 18:00 | Johsebass · age_up castle |
| 18:10 | Gariban Bilo · first_building Archery Range |
| 18:41 | astra · age_up castle |
| 19:14 | osmevoll · wall_segment Palisade Wall x1 |
| 22:49 | Johsebass · wall_segment Stone Wall x11 |
| 22:50 | Gariban Bilo · age_up castle |
| 23:04 | Johsebass · wall_segment Stone Wall x8 |
| 23:29 | Johsebass · wall_segment Stone Wall x8 |
| 23:31 | Johsebass · wall_segment Stone Wall x3 |
| 24:28 | Johsebass · first_building Monastery |
| 24:50 | Johsebass · wall_segment Stone Wall x6 |
| 25:21 | osmevoll · first_building Monastery |
| 26:58 | Johsebass · first_building Krepost |
| 28:18 | Johsebass · wall_segment Stone Wall x14 |
| 28:53 | Johsebass · wall_segment Stone Wall x14 |
| 29:24 | Gariban Bilo · first_building Castle |
| 29:40 | astra · first_building Castle |
| 33:06 | Johsebass · wall_segment Stone Wall x10 |
| 33:21 | Gariban Bilo · first_building Stable |
| 33:40 | Gariban Bilo · age_up imperial |
| 34:01 | Johsebass · first_building Castle |
| 34:12 | Johsebass · wall_segment Stone Wall x10 |
| 34:15 | Johsebass · wall_segment Stone Wall x16 |
| 35:56 | osmevoll · first_building Castle |
| 39:03 | Johsebass · first_building Siege Workshop |
| 39:05 | Johsebass · first_building Archery Range |
| 39:48 | Gariban Bilo · first_building Monastery |
| 39:58 | Johsebass · age_up imperial |
| 41:40 | Johsebass · first_building Stable |
| 41:48 | astra · first_market_buy 100 wood |
| 42:26 | osmevoll · age_up imperial |
| 43:00 | astra · age_up imperial |
| 43:02 | Johsebass · wall_segment Stone Wall x8 |
| 43:09 | Johsebass · wall_segment Stone Wall x4 |
| 43:14 | Johsebass · wall_segment Stone Wall x2 |
| 43:17 | Gariban Bilo · first_building Siege Workshop |
| 43:22 | Johsebass · wall_segment Stone Wall x7 |
| 49:05 | astra · first_market_sell 100 wood |
| 51:47 | Gariban Bilo · resign |
| 53:09 | osmevoll · first_market_buy 100 stone |
[ ANÁLISIS IA · 1 CRÉDITO ]
¿Qué pasó realmente en esta partida?
Wolo.gg analiza cada decisión: build order, eco, micro, errores típicos por bracket. Análisis personalizado por WhatsApp o Discord en 30 segundos.
Guía civ
Britanos
Guía mapa
Arabia
Perfil
osmevoll